 Dungeon Crawl Stone Soup version 0.31-a0-187-gba352fbbf7 (webtiles) character file.

Game seed: 6732343135998628157

14896 IdlyInterested the Spear-Bearer (level 11, -2/64 HPs)
             Began as a Demonspawn Fighter on June 22, 2023.
             Was a High Priest of Okawaru.
             Collided with a stone wall (5 damage)
             ... caused by a wretched star
             ... on level 2 of the Abyss.
             The game lasted 00:41:52 (13114 turns).

IdlyInterested the Spear-Bearer (DsFi)             Turns: 13114, Time: 00:41:52

Health: -2/64      AC: 14    Str: 16    XL:     11   Next: 94%
Magic:  11/11      EV: 13    Int: 10    God:    Okawaru [*****.]
Gold:   650        SH:  0    Dex:  7    Spells: 10/10 levels left

rFire   x x .        t - +3 demon trident (flame)
rCold   x . .        (no shield)
rNeg    . . .        b - +2 chain mail {rC+}
rPois   +            w - +1 helmet
rElec   +            M - +0 cloak
rCorr   .            (no gloves)
SInv    .            v - +0 pair of boots
Will    .....        (no amulet) Stlth
                     Q - +5 ring of evasion
HPRegen 0.30/turn    O - ring of poison resistance
MPRegen 0.12/turn

%: no passive effects
@: unable to read, unable to drink
A: claws 2, yellow scales 1, powered by pain 1, spiny 2, clever 1, electricity
resistance, [clumsy 2], [deformed body], [deterioration 2], [dopey 2], [frail
3], [low MP 2], [screaming 2], [weak 2], [no potion heal 2], [cold vulnerability
2], [heat vulnerability 2], [subdued magic 2], [inability to drink after injury
2], [inability to read after injury 2]
a: Renounce Religion, Heroism, Finesse, Duel


You were on level 2 of the Abyss.
You worshipped Okawaru.
Okawaru was extremely pleased with you.
You visited 2 branches of the dungeon, and saw 12 of its levels.
You visited the Abyss 1 time.

You collected 650 gold pieces.

Inventory:

Hand Weapons
 t - a +3 demon trident of flaming (weapon)
 y - the +4 falchion of Bejydde {vamp, rN+ Will++ Dex+3}
   (You found it on level 4 of the Dungeon)

   Dex:       It affects your dexterity (+3).
   rN:        It protects you from negative energy.
   Will:      It greatly increases your willpower.
 A - a +0 scythe
 J - a +0 glaive
 N - the +8 hammer of Omynuos {pain, rElec Will+ Stlth+}
   (You found it on level 6 of the Dungeon)

   rElec:     It insulates you from electricity.
   Will:      It increases your willpower.
   Stlth:     It makes you more stealthy.
 T - a +2 trident of freezing
 X - a +1 trident
Missiles
 e - 19 stones (quivered)
 l - 3 javelins
 q - 5 boomerangs
 r - 11 poisoned darts
Armour
 b - a +2 chain mail of cold resistance (worn)
 c - a +0 buckler
 g - a +0 hat
 v - a +0 pair of boots (worn)
 w - a +1 helmet (worn)
 B - a +0 scale mail of poison resistance
 M - a +0 cloak (worn)
 V - +2 acid dragon scales
Magical Staves
 o - a staff of death
 K - a staff of fire
Jewellery
 D - a +6 ring of intelligence
 O - a ring of poison resistance (right claw)
 Q - a +5 ring of evasion (left claw)
Wands
 G - a wand of polymorph (10)
 I - a wand of paralysis (9)
 U - a wand of acid (6)
 Y - a wand of flame (11)
Scrolls
 f - a scroll of amnesia
 i - 5 scrolls of blinking
 j - 3 scrolls of fog
 m - 3 scrolls of immolation
 n - a scroll of silence
 s - a scroll of vulnerability
 z - 4 scrolls of teleportation
 C - 2 scrolls of fear
 F - a scroll of poison
Potions
 a - a potion of brilliance
 d - 2 potions of might
 h - 2 potions of attraction
 k - a potion of cancellation
 u - a potion of mutation
 x - a potion of magic
 H - a potion of berserk rage {unknown}
 L - 2 potions of enlightenment
 P - 2 potions of lignification
 S - a potion of invisibility {unknown}
 W - a potion of curing {unknown}
Miscellaneous
 R - a lightning rod (4/4)


   Skills:
 + Level 10.7 Fighting
 * Level 12.5 Polearms
 - Level 2.0 Throwing
 - Level 6.0 Armour
 - Level 3.0 Dodging
 - Level 1.0 Stealth
 - Level 3.0 Shields
 + Level 4.1 Unarmed Combat
 - Level 4.0 Invocations
 - Level 2.0 Evocations


You had 10 spell levels left.
You didn't know any spells.
Your spell library contained the following spells:

 Spells                   Type           Power      Damage    Failure   Level
 Beastly Appendage        Tmut           0%         N/A       97%         1
 Slow                     Hex            0%         N/A       97%         1
 Sting                    Tmut/Pois      0%         1d3       97%         1
 Blink                    Tloc           0%         N/A       99%         2
 Momentum Strike          Conj/Tloc      0%         3d8       99%         2
 Poisonous Vapours        Pois/Air       0%         N/A       99%         2
 Wereblood                Tmut           0%         N/A       99%         2
 Confusing Touch          Hex            0%         N/A       100%        3
 Spider Form              Tmut/Pois      0%         N/A       100%        3
 Vampiric Draining        Necr           0%         2d6       100%        3
 Manifold Assault         Tloc           0%         N/A       100%        4
 Olgreb's Toxic Radiance  Pois           0%         N/A       100%        4
 Storm Form               Tmut/Air       0%         N/A       100%        7


Dungeon Overview and Level Annotations

Branches:
Dungeon (11/15)            Temple (1/1) D:6            Lair (0/5) D:8
    Orc: D:9-12

Altars:
Ashenzari
Cheibriados
Dithmenos
Fedhas
Gozag
Hepliaklqana
Kikubaaqudgha
Makhleb
Nemelex Xobeh
Okawaru
Qazlal
Ru
Sif Muna
Trog
Uskayaw
Vehumet
Wu Jian
Xom
Yredelemnul

Annotations:
D:11 Erolcha


Innate Abilities, Weirdness & Mutations

You have very sharp fingernails.
You are partially covered in yellow scales. (AC +2)
You sometimes gain a little power by taking damage.
You are mostly covered in sharp spines.
Your mind is acute. (Int +4, Str/Dex -1)
You are resistant to electric shocks. (rElec)
[You are very clumsy. (Dex -4)]
[Armour fits poorly on your strangely shaped body.]
[Your body often deteriorates upon taking damage.]
[You are very dopey. (Int -4)]
[You are extremely frail. (-30% HP)]
[Your magical capacity is very low. (-20% MP)]
[You frequently scream uncontrollably at your foes.]
[You are very weak. (Str -4)]
[Potions cannot restore your health.]
[You are very vulnerable to cold. (rC--)]
[You are very vulnerable to heat. (rF--)]
[Your spells are easier to cast, but less powerful.]
[You sometimes lose the ability to drink potions when taking damage.]
[You sometimes lose the ability to read scrolls when taking damage.]


Message History

A wretched star comes into view.
The wretched star pulses with an eldritch light!
You occasionally lose the ability to read scrolls when taking damage.
You lose the ability to read scrolls when taking damage more often.
The wretched star pulses with an eldritch light!
Your connection to magic feels subdued.
Your connection to magic feels more subdued.
Unknown command.
The wretched star pulses with an eldritch light!
You feel yourself wasting away.
You feel your body start to fall apart.
You feel frail. x2
The wretched star pulses with an eldritch light!
You feel the urge to shout.
You feel a strong urge to scream. The green draconian misses you.
The green draconian breathes poison at you.
The blast of poison engulfs you. You resist.
* * * LOW HITPOINT WARNING * * *
The wretched star pulses with an eldritch light!
You feel vulnerable to cold. x2; Your body twists and deforms.
The wretched star pulses with an eldritch light!
You feel less energetic. x2
The wretched star pulses with an eldritch light!
You occasionally lose the ability to drink potions when taking damage.
You lose the ability to drink potions when taking damage more often.
You feel frail.
The wretched star pulses with an eldritch light!
You feel weaker. x2; You feel vulnerable to heat. x2
The wretched star pulses with an eldritch light!
You feel clumsy. x2
The wretched star pulses with an eldritch light!
Your system partially rejects the healing effects of potions.
Your system completely rejects the healing effects of potions.
The wretched star glows turbulently.
The lance of force hits you!!
You feel threatened and lose the ability to read scrolls!
You feel threatened and lose the ability to drink potions!
* * * LOW HITPOINT WARNING * * *
You are knocked back by the lance of force.
You slam into the stone wall!
You die...

..#.## .##.......#..#
#..#.#######...... ...
#)...................#
###....................#
...#..........°..*....##
............#...#°....#
.............*d.°°#####
.............X....#
####@......○○..#
#...######### #...#
#####


You could see a green draconian, a wretched star and a large abomination.

Vanquished Creatures
  2 tengu warriors (D:10)
  A boulder beetle (D:10)
  3 two-headed ogres
  4 ugly things (D:10)
  A worldbinder (Abyss:2)
  Maggie (D:10)
  An unseen horror (D:10)
  A kobold demonologist (D:10)
  An ancient zyme (Abyss:2)
  A meliai (D:10)
  4 trolls
  2 hornets
  Sigmund (D:5)
  A shadow (D:10)
  A wraith (D:10)
  A wyvern (D:9)
  19 yaks
  Grum (D:8)
  A steam dragon (D:9)
  A small abomination (Abyss:2)
  4 ice beasts
  5 orc warriors
  A sky beast (D:5)
  3 ogres
  4 centaurs
  3 wolves (D:8)
  2 bullfrogs
  2 scorpions (D:5)
  4 wights (D:10)
  An electric eel (D:6)
  3 howler monkeys (D:9)
  4 hounds
  3 orc priests
  Crazy Yiuf (D:6)
  3 jellies
  A sleepcap (D:6)
  A gnoll bouda (D:6)
  2 iguanas
  Jessica (D:2)
  8 orc wizards
  Natasha (thrice) (D:4)
  7 gnolls
  9 adders
  4 white imps
  2 ufetubi (D:6)
  4 worms
  7 dart slugs
  22 orcs
  3 endoplasms
  3 giant cockroaches
  9 goblins
  5 hobgoblins
  3 jackals (D:2)
  6 quokkas
  13 ball pythons
  7 bats
  4 frilled lizards
  7 kobolds
  4 rats
226 creatures vanquished.

Vanquished Creatures (others)
  A vampire (D:10)
1 creature vanquished.

Grand Total: 227 creatures vanquished

Notes
Turn   | Place    | Note
-------+----------+-------------------------------------------
     0 | D:1      | IdlyInterested the Demonspawn Fighter began the quest for
                  | the Orb.
     0 | D:1      | Reached XP level 1. HP: 18/18 MP: 1/1
   274 | D:1      | Reached skill level 2 in Polearms
   274 | D:1      | Gained mutation: You are partially covered in yellow
                  | scales. (AC +2) [demonic ancestry]
   274 | D:1      | Reached XP level 2. HP: 24/24 MP: 2/2
   690 | D:1      | Reached skill level 1 in Dodging
   745 | D:1      | Reached XP level 3. HP: 29/29 MP: 3/3
  1519 | D:2      | Noticed Jessica
  1525 | D:2      | Killed Jessica
  1526 | D:2      | Reached skill level 1 in Stealth
  1540 | D:2      | Got Jessica's Anthology of Displacement
  1661 | D:2      | Gained mutation: You sometimes gain a little power by
                  | taking damage. [demonic ancestry]
  1661 | D:2      | Reached XP level 4. HP: 27/37 MP: 4/4
  2392 | D:3      | Reached skill level 1 in Throwing
  2565 | D:3      | Reached skill level 1 in Evocations
  2565 | D:3      | Reached XP level 5. HP: 19/42 MP: 5/5
  3758 | D:4      | Reached skill level 3 in Polearms
  3928 | D:4      | Gained mutation: Your mind is acute. (Int +4, Str/Dex -1)
                  | [potion of mutation]
  3928 | D:4      | Gained mutation: You are resistant to electric shocks.
                  | (rElec) [potion of mutation]
  3996 | D:4      | Noticed Natasha
  4026 | D:4      | Killed Natasha
  4208 | D:4      | Noticed Natasha
  4216 | D:4      | Killed Natasha
  4233 | D:4      | Noticed Natasha
  4245 | D:4      | Killed Natasha
  4246 | D:4      | Gained mutation: You are partially covered in sharp spines.
                  | [demonic ancestry]
  4246 | D:4      | Reached XP level 6. HP: 42/50 MP: 6/6
  4253 | D:4      | Reached skill level 5 in Fighting
  4369 | D:4      | Found a shimmering altar of Xom.
  4386 | D:4      | Identified the +4 falchion of Bejydde {vamp, rN+ Will++
                  | Dex+3}
  4443 | D:5      | Entered Level 5 of the Dungeon
  4443 | D:5      | You fall into a shaft and drop 1 floor!
  4465 | D:5      | Found a basalt altar of Yredelemnul.
  4471 | D:5      | Noticed a sky beast
  4487 | D:5      | Killed a sky beast
  4494 | D:5      | Reached skill level 4 in Polearms
  4502 | D:5      | Noticed Sigmund
  4506 | D:5      | Gained mutation: You have sharp fingernails. [demonic
                  | ancestry]
  4506 | D:5      | Reached XP level 7. HP: 32/56 MP: 7/7
  4514 | D:5      | Killed Sigmund
  4605 | D:5      | Reached skill level 5 in Polearms
  4953 | D:5      | Gained mutation: You have very sharp fingernails. [demonic
                  | ancestry]
  4953 | D:5      | Reached XP level 8. HP: 64/64 MP: 8/8
  5518 | D:6      | Reached skill level 6 in Polearms
  5646 | D:6      | Found a staircase to the Ecumenical Temple.
  5668 | Temple   | Entered the Ecumenical Temple
  5668 | Temple   | Found a transporter.
  5668 | Temple   | Found a transporter.
  5707 | Temple   | Found a transporter.
  5707 | Temple   | Found a transporter.
  5792 | D:6      | Reached skill level 1 in Unarmed Combat
  6025 | D:6      | Found a runed translucent door.
  6026 | D:6      | Noticed Crazy Yiuf
  6111 | D:6      | Found an opulent altar of Gozag.
  6112 | D:6      | Found an ornate altar of the Wu Jian Council.
  6256 | D:6      | Reached skill level 7 in Polearms
  6641 | D:6      | Killed Crazy Yiuf
  6642 | D:6      | Gained mutation: You are mostly covered in sharp spines.
                  | [demonic ancestry]
  6642 | D:6      | Reached XP level 9. HP: 72/72 MP: 9/9
  6652 | D:6      | Identified the +8 hammer of Omynuos {pain, rElec Will+
                  | Stlth+}
  7068 | Temple   | Became a worshipper of Warmaster Okawaru
  7996 | D:8      | Found a blossoming altar of Fedhas.
  8101 | D:8      | Noticed Grum
  8112 | D:8      | Killed Grum
  8119 | D:8      | Reached skill level 8 in Polearms
  8274 | D:8      | Found a staircase to the Lair.
  8592 | D:8      | Noticed a two-headed ogre
  8603 | D:8      | Killed a two-headed ogre
  8603 | D:8      | Reached * piety under Okawaru
  9426 | D:9      | Reached skill level 9 in Polearms
  9426 | D:9      | Reached skill level 1 in Invocations
  9440 | D:9      | Noticed a troll
  9448 | D:9      | Killed a troll
  9448 | D:9      | Reached ** piety under Okawaru
  9542 | D:9      | Noticed a troll
  9547 | D:9      | Killed a troll
  9548 | D:9      | Reached XP level 10. HP: 75/81 MP: 11/11
  9753 | D:9      | Noticed a two-headed ogre
  9765 | D:9      | Killed a two-headed ogre
  9765 | D:9      | Reached *** piety under Okawaru
  9911 | D:9      | Reached skill level 10 in Polearms
 10598 | D:10     | Entered Level 10 of the Dungeon
 10612 | D:9      | Reached **** piety under Okawaru
 10707 | D:10     | Noticed a rust devil
 10892 | D:10     | Received a gift from Okawaru
 11161 | D:10     | Noticed Maggie
 11187 | D:10     | Killed Maggie
 11188 | D:10     | Reached skill level 11 in Polearms
 11188 | D:10     | Reached XP level 11. HP: 62/89 MP: 14/14
 11859 | D:10     | Noticed a boulder beetle
 11905 | D:10     | Killed a boulder beetle
 11905 | D:10     | Reached ***** piety under Okawaru
 12109 | D:10     | Reached skill level 10 in Fighting
 12235 | D:10     | Reached skill level 5 in Armour
 12238 | D:10     | Noticed a white ugly thing
 12238 | D:10     | Noticed a red ugly thing
 12249 | D:10     | Killed a white ugly thing
 12253 | D:10     | Noticed a brown ugly thing
 12255 | D:10     | Killed a white ugly thing
 12256 | D:10     | Noticed a white ugly thing
 12263 | D:10     | Killed a brown ugly thing
 12263 | D:10     | Received a gift from Okawaru
 12269 | D:10     | Killed a white ugly thing
 12270 | D:10     | Reached skill level 12 in Polearms
 12307 | D:10     | Noticed a tengu warrior
 12316 | D:10     | Killed a tengu warrior
 12334 | D:10     | Noticed a two-headed ogre
 12343 | D:10     | Killed a two-headed ogre
 12347 | D:10     | Noticed a tengu warrior
 12371 | D:10     | Killed a tengu warrior
 12962 | D:11     | Noticed Erolcha
 12978 | Abyss:2  | Cast into level 2 of the Abyss (Erolcha)
 13045 | Abyss:2  | Noticed a wolf spider
 13047 | Abyss:2  | Noticed a wolf spider
 13064 | Abyss:2  | Found a corrupted altar of Lugonu.
 13073 | Abyss:2  | Noticed a large abomination
 13075 | Abyss:2  | Received a gift from Okawaru
 13091 | Abyss:2  | Noticed a green draconian
 13095 | Abyss:2  | Noticed a wretched star
 13103 | Abyss:2  | Noticed a wretched star
 13114 | Abyss:2  | HP: 3/64 [wretched star/lance of force (20)]
 13114 | Abyss:2  | Collided with a stone wall

Illustrated notes

Levels and vault maps discovered:
D:1:      grunt_arrival_lava_bath, layout_loops_corners, minmay_misc_feat_chi,
          dreamdust_mushroom_princess
D:2:      layout_loops_ring, kennysheep_jessica_study
D:3:      layout_basic, kennysheep_path_1, kennysheep_generic_room_3
D:4:      layout_rooms, mainiacjoe_overflow_brackets,
          hangedman_abyss_or_decor_stagger, due_unseen_surprise, uniq_natasha
D:5:      layout_cave_pools, mainiacjoe_overflow_tiny_flanked,
          nicolae_fountain_basement, uniq_sigmund
D:6:      layout_basic, nicolae_overflow_squiral,
          minmay_temple_entry_large_hall, lightli_minifort,
          uniq_crazy_yiuf_cottage
D:7:      layout_basic, roderic_lattice_a, hangedman_abyss_or_decor_passed
D:8:      layout_basic, mainiacjoe_overflow_surrounded_room, lair_entry_dummy,
          uniq_grum
D:9:      layout_irregular_city
D:10:     layout_basic, minmay_fractal_squares_gapless_7, uniq_maggie
D:11:     minmay_spotlight, layout_layer_cave, serial_glass, glass_columns_a,
          glass_columns_c, uniq_erolcha
Temple:   hellmonk_temple_divided_pantheon
Abyss:2:  base: Temple, base:
D:9

Skill      XL: |  1  2  3  4  5  6  7  8  9 10 11 |
---------------+----------------------------------+-----
Armour         | 3 4 6 |  6.0
Polearms       | 2 3 4 5 7 9 11 12 | 12.5
Dodging        | 1 2 3 |  3.0
Stealth        | 1 |  1.0
Throwing       | 1 2 |  2.0
Fighting       | 4 5 6 7 8 9 10 | 10.7
Evocations     | 1 2 |  2.0
Unarmed Combat | 2 4 |  4.1
Invocations    | 2 4 |  4.0
Shields        | 3 |  3.0

Action                     |  1- 3 |  4- 6 |  7- 9 | 10-12 || total
---------------------------+-------+-------+-------+-------++-------
  Melee: Trident           |   111 |   304 |   239 |   303 ||   957
         Punch             |       |       |     7 |    13 ||    20
         Unarmed           |       |       |     1 |       ||     1
         Demon trident     |       |       |       |    44 ||    44
  Throw: Stone             |       |     6 |    13 |     9 ||    28
         Dart              |       |       |    18 |    21 ||    39
 Invoke: Heroism           |       |       |       |     1 ||     1
  Evoke: Lightning rod     |       |       |       |     1 ||     1
    Use: Scroll            |     4 |     9 |     4 |     2 ||    19
         Potion            |     1 |     3 |     1 |     7 ||    12
 Armour: Scale mail        |    48 |    34 |    15 |       ||    97
         Plate armour      |       |   183 |    23 |       ||   206
         Chain mail        |       |       |    96 |   136 ||   232
         Skin              |       |       |     3 |       ||     3
  Dodge: Dodged            |    54 |    71 |   120 |   223 ||   468
  Block: Buckler           |    24 |    67 |       |       ||    91

Table legend: (Time is in decaauts)
 A = Elapsed time spent in this place.
 B = Non-inter-level travel time spent in this place.
 C = Inter-level travel time spent in this place.
 D = Time resting spent in this place.
 E = Time spent auto-exploring this place.
 F = Levels seen in this place.
 G = Mean time per level.
                   A        B        C        D        E       F      G
               +--------+--------+--------+--------+--------+-----+--------+
         Total |  13129 |  11073 |   2056 |   1823 |   6273 |  13 | 1009.9 |
       Dungeon |  12882 |  10835 |   2047 |   1793 |   6212 |  11 | 1171.1 |
        Temple |    115 |    106 |      9 |     30 |      0 |   1 |  115.0 |
         Abyss |    131 |    131 |      0 |      0 |     61 |   1 |  131.0 |
               +--------+--------+--------+--------+--------+-----+--------+

Top non-repeatable levels by time:
    D:10: 2086 daAuts
     D:8: 1714 daAuts
     D:3: 1460 daAuts
     D:1: 1442 daAuts
     D:6: 1376 daAuts
     D:9: 1266 daAuts
     D:2: 889 daAuts
     D:5: 889 daAuts
     D:7: 853 daAuts
     D:4: 825 daAuts
 Abyss:2: 131 daAuts
  Temple: 115 daAuts
    D:11: 78 daAuts
